Map: Honorgrounds LE

Players

Fropez - Winner!

  • Race: Protoss Protoss
  • League: Platinum
  • Spawn Location: 1:00

IntelGood

  • Race: Terran Terran
  • League: Gold
  • Spawn Location: 7:00

VOD

Have the link to the VOD?

Description

Time

  • Played on: Jan. 29, 2017, 2:49 p.m.
  • Length: 7:16
Show
View Real Time Build Order
Export as new Build Order

Fropez Protoss - Winner!

Build Orders: 1 Gate Expand, Dark Templar Rush 

Get SALT Encoding   

  12  0:01  Probe (Chrono Boost)  
  13  0:11  Probe (Chrono Boost)  
  14  0:22  Probe (Chrono Boost)  
  14  0:25  Pylon  
  15  0:43  Probe (Chrono Boost)  
  15  0:46  Gateway  
  16  0:59  Probe (Chrono Boost)  
  16  1:02  Assimilator  
  17  1:09  Probe (Chrono Boost)  
  18  1:26  Probe (Chrono Boost)  
  18  1:27  Nexus  
  19  1:38  Cybernetics Core  
  19  1:42  Probe (Chrono Boost)  
  20  1:52  Probe (Chrono Boost)  
  21  1:57  Assimilator  
  21  2:03  Probe (Chrono Boost), Warp Gate  
  22  2:09  Gateway  
  22  2:15  Pylon  
  22  2:33  Adept  
  24  2:44  Twilight Council  
  24  2:47  Probe x2 (Chrono Boost)  
  26  2:55  Adept  
  28  3:05  Probe (Chrono Boost)  
  30  3:12  Mothership Core (Chrono Boost)  
  31  3:15  Adept  
  31  3:17  Probe (Chrono Boost)  
  34  3:24  Assimilator  
  34  3:27  Probe (Chrono Boost)  
  35  3:50  Dark Shrine  
  35  3:53  Pylon  
  35  3:55  Probe (Chrono Boost)  
  37  3:56  Probe (Chrono Boost)  
  37  3:58  Pylon  
  37  4:05  Probe (Chrono Boost), Assimilator  
  38  4:17  Robotics Facility  
  38  4:18  Probe (Chrono Boost)  
  38  4:19  Probe (Chrono Boost)  
  40  4:43  Probe (Chrono Boost)  
  40  4:44  Probe (Chrono Boost), Gateway  
  42  4:47  Gateway  
  42  4:50  Pylon  
  42  4:51  Pylon  
  42  5:10  Dark Templar x2  
  42  5:13  Observer  
  48  5:20  Pylon, Probe (Chrono Boost)  
  49  5:21  Probe (Chrono Boost)  
  49  5:25  Pylon  
  49  5:28  Resonating Glaives  
  51  5:42  Observer  
  51  5:46  Probe (Chrono Boost)  
  51  5:47  Probe (Chrono Boost), Dark Templar x2  
  51  5:48  Dark Templar  
  58  5:56  Probe (Chrono Boost)  
  59  6:01  Observer, Probe (Chrono Boost)  
  59  6:06  Dark Templar  
  57  6:27  Dark Templar x2  
  61  6:57  Dark Templar x2  
  61  7:00  Probe (Chrono Boost)  
  63  7:01  Probe (Chrono Boost)  
  63  7:05  Gateway x2  
  61  7:10  Gateway  
  61  7:12  Pylon  
Show
View Real Time Build Order
Export as new Build Order

IntelGood Terran 

Build Orders:  

Get SALT Encoding   

  12  0:03  SCV  
  13  0:18  SCV  
  14  0:31  Supply Depot  
  14  0:33  SCV  
  14  0:34  Refinery  
  15  0:52  SCV  
  15  0:55  Barracks  
  16  1:04  SCV  
  17  1:16  SCV  
  18  1:29  SCV  
  19  1:36  Command Center  
  19  1:43  Barracks Tech Lab  
  19  1:49  Bunker  
  19  1:53  SCV  
  20  2:05  SCV  
  20  2:08  Factory  
  21  2:14  Marauder  
  23  2:21  Supply Depot  
  23  2:39  Orbital Command  
  23  2:43  Marauder  
  25  2:47  Supply Depot  
  25  2:50  SCV  
  26  2:53  Factory Tech Lab  
  26  3:03  Orbital Command  
  26  3:12  Marine  
  27  3:16  Starport  
  27  3:23  Engineering Bay  
  27  3:29  SCV  
  27  3:30  SCV  
  27  3:31  Marine  
  30  3:50  Missile Turret  
  30  3:53  Missile Turret  
  30  3:55  SCV  
  31  3:56  SCV  
  31  3:57  Marine  
  31  4:00  Siege Tank  
  36  4:08  Barracks  
  36  4:10  Barracks  
  36  4:15  Medivac  
  38  4:18  Refinery  
  38  4:25  Refinery  
  38  4:27  Marauder  
  38  4:28  Refinery  
  38  4:29  SCV  
  41  4:43  SCV  
  42  4:49  Marine  
  43  4:59  Supply Depot  
  43  5:01  Supply Depot  
  43  5:08  Supply Depot  
  43  5:18  Supply Depot  
  43  5:20  Siege Tank, Marine, Supply Depot  
  43  5:21  Marine, Supply Depot  
  48  5:24  Marauder  
  48  5:27  SCV  
  51  5:31  SCV  
  52  5:37  Medivac  
  54  5:44  SCV  
  56  5:50  SCV  
  56  5:56  SCV  
  56  6:17  Marine x2, Marauder  
  60  6:19  Siege Tank  
  61  6:35  Marine  
  61  6:39  Marauder  
Tags
 
Add a new tag
Caveats
  • Supply blocks, unpowered buildings, or Contaminate may cause inaccurate times.
  • Supply counts are checked every 10 seconds.